 Dungeon Crawl Stone Soup version 0.28.0-53-g5a82cb258f (webtiles) character file.

Game seed: 15019296031902087185

129 buhh the Vandal (level 5, -24/42 HPs)
             Began as a Formicid Hunter on June 21, 2022.
             Hit by a large rock thrown by a cyclops (36 damage)
             ... on level 7 of the Dungeon.
             The game lasted 00:06:31 (2199 turns).

buhh the Vandal (Formicid Hunter)                   Turns: 2199, Time: 00:06:31

Health: -24/42     AC: 22    Str: 16    XL:     5   Next: 35%
Magic:  5/5        EV:  0    Int: 14    God:
Gold:   91         SH:  8    Dex: 13    Spells: 4/4 levels left

rFire   . . .      SeeInvis +   b - +0 short sword
rCold   . . .      Faith    .   h - +0 buckler
rNeg    . . .      Spirit   .   f - +8 orange crystal plate armour {Archmagi, Int+3 Clar}
rPois   .          Reflect  +   (helmet unavailable)
rElec   .          Harm     .   (no cloak)
rCorr   .          Rampage  .   (no gloves)
Will    .....      Archmagi +   (no boots)
Stlth   .......... Clarity  +   i - amulet of reflection
HPRegen 0.14/turn               (no ring)
MPRegen 0.09/turn               (no ring)

@: no status effects
A: permanent stasis, dig shafts and tunnels, antennae 3, four strong arms
a: Dig, Shaft Self


You were on level 7 of the Dungeon.
You visited 1 branch of the dungeon, and saw 6 of its levels.
You also visited: Bailey.

You collected 91 gold pieces.

Inventory:

Hand Weapons
 a - a +2 hunting sling
 b - a +0 short sword (weapon)
Missiles
 d - 11 sling bullets
 e - 5 boomerangs (quivered)
 k - 6 stones
Armour
 c - a +1 leather armour
 f - the +8 orange crystal plate armour (worn) {Archmagi, Int+3 Clar}
   (You found it in a bailey)

   Int:       It affects your intelligence (+3).
   Clar:      It protects you against confusion.
 h - a +0 buckler (worn)
Magical Staves
 l - a staff of earth
Jewellery
 i - an amulet of reflection (around neck)
Scrolls
 g - 2 scrolls of identify {!d}
 Z - 3 scrolls of enchant armour
Potions
 j - a potion of mutation {unknown}
 N - a potion of curing {!q!d}


   Skills:
 + Level 4.1 Fighting
 + Level 5.6 Slings
 - Level 2.0 Dodging
 - Level 1.7 Stealth


You had 4 spell levels left.
You didn't know any spells.
Your spell library contained the following spells:

 Spells                   Type           Power      Damage    Failure   Level
 Magic Dart               Conj           0%         1d3       100%        1
 Searing Ray              Conj           0%         2d4       100%        2
 Portal Projectile        Hex/Tloc       0%         N/A       100%        3
 Fulminant Prism          Conj/Hex       0%         3d6       100%        4
 Orb of Destruction       Conj           0%         9d5       100%        7


Dungeon Overview and Level Annotations

Branches:
Dungeon (7/15)             Bailey (visited)
 Temple: D:4-7

Altars:

Annotations:
D:6 exclusion: zombie


Innate Abilities, Weirdness & Mutations

You cannot be hasted, slowed, berserked, paralysed or teleported.
You can dig through walls and to a lower floor.
You have a pair of large antennae on your head. (SInv)
Your four strong arms can wield two-handed weapons with a shield.


Message History

The bullfrog skeleton hits you but does no damage. x2
You barely miss the bullfrog skeleton.
The bullfrog skeleton is severely damaged.
You block the bullfrog skeleton's attack.
You hit the bullfrog skeleton.
The bullfrog skeleton is severely damaged.
The bullfrog skeleton hits you but does no damage. x2
You hit the bullfrog skeleton.
The bullfrog skeleton is almost destroyed.
You block the bullfrog skeleton's attack.
You barely miss the bullfrog skeleton.
The bullfrog skeleton is almost destroyed.
You block the bullfrog skeleton's attack. x2
You hit the bullfrog skeleton.
You destroy the bullfrog skeleton!
Your Fighting skill increases to level 4!
No target in view!
g - a grey potion You pick up a book of Conjurations and begin reading...
You add the spells Magic Dart, Searing Ray and Fulminant Prism to your library.
You now have 91 gold pieces (gained 12).
Found a stone staircase leading up.
Z - 3 scrolls of enchant armour
g - a scroll of identify {!d};
j - a grey potion
Found an escape hatch in the ceiling.
Found an escape hatch in the floor.
g - 2 scrolls of identify {!d} (gained 1)
l - a staff of earth A cyclops comes into view.
The cyclops throws a large rock.
The large rock hits you!!!
Ouch! That really hurt!
* * * LOW HITPOINT WARNING * * *
Really quaff
N - 2 potions of curing {!q!d}?
You feel better.
The cyclops throws a large rock.
You reflect the large rock off an invisible shield around you!
The large rock hits the cyclops!!
The cyclops throws a large rock.
The large rock hits you!!!
Ouch! That really hurt!
You die...

........## #.###....##
#.# #.##..######## ###
#.###........##... ..
#.##.............###.#
............. ......##
..#..<.#...#####.##...##
.......#...............#
#.#..##.........@....[.##
.........................
#..###...................
#.. #...........>....#..
### #............?...#
#................#
##............###C#
##.....<...... #.#
############.. ##


You could see a cyclops.

Vanquished Creatures
  A lava snake (D:7)
  A bullfrog skeleton (D:7)
  A howler monkey zombie (D:7)
  A worm (D:2)
  An orc (D:7)
  2 bats
  An endoplasm (D:1)
  3 goblins
  4 hobgoblins
  2 jackals (D:1)
  3 quokkas (D:2)
  2 ball pythons (D:2)
  4 frilled lizards
  A kobold (D:1)
  9 orc zombies (Bailey)
  3 rats
  A spectral hobgoblin (D:1)
40 creatures vanquished.

Notes
Turn   | Place    | Note
-------+----------+-------------------------------------------
     0 | D:1      | buhh the Formicid Hunter began the quest for the Orb.
     0 | D:1      | Reached XP level 1. HP: 16/16 MP: 1/1
     1 | D:1      | Noticed a barachi
     3 | D:1      | Noticed a spriggan
     6 | D:1      | Noticed a minotaur skeleton
     8 | D:1      | Noticed a minotaur zombie
     9 | D:1      | Noticed an ogre
    12 | D:1      | Noticed a dwarf
    16 | D:1      | Noticed a minotaur zombie
    20 | D:1      | Noticed a felid
   100 | D:1      | Found a faded altar of an unknown god.
   104 | D:1      | Reached XP level 2. HP: 23/23 MP: 2/2
   279 | D:1      | Got Bankaiz's Grimoire of Captivating Conjuration
   508 | D:2      | Reached XP level 3. HP: 28/28 MP: 3/3
   759 | D:2      | You fall into a shaft and drop 2 floors!
   762 | D:4      | You fall into a shaft and drop 2 floors!
   765 | D:6      | You fall into a shaft and drop 1 floor!
  1092 | D:7      | Found a flagged portal.
  1128 | Bailey   | Entered a bailey
  1485 | Bailey   | Reached skill level 5 in Slings
  1619 | Bailey   | Reached XP level 4. HP: 23/35 MP: 4/4
  1831 | Bailey   | Found the +8 orange crystal plate armour {Archmagi, Int+3
                  | Clar}
  1883 | Bailey   | Noticed a gargoyle
  2069 | D:7      | Reached XP level 5. HP: 42/42 MP: 5/5
  2195 | D:7      | Noticed a cyclops
  2199 | D:7      | Hit by a large rock thrown by a cyclops

Illustrated notes

Levels and vault maps discovered:
D:1:      shiori_arrival_whats_in_store_for_you, layout_rooms,
          dreamdust_ecumenical_altar_drowned_temple
D:2:      layout_rooms
D:3:      layout_loops_ring, serial_rivers, chequers_serial_rivers_micro_e,
          chequers_serial_rivers_micro_c, chequers_serial_rivers_micro_e,
          chequers_serial_rivers_room_a, chequers_serial_rivers_small_b,
          chequers_serial_rivers_room_a, grunt_ministairs_10,
          serial_bayou_pond_b
D:4:      layout_cave_pools, guppyfry_early_lair_pool, uniq_edmund
D:6:      layout_basic, general_overflow_altar
D:7:      layout_rooms, nicolae_uskayaw_suspiria,
          minmay_temple_entry_statues_pillars, enter_bailey_4,
          gammafunk_ghost_smash, minivault_11, kb_rosetta

Skill      XL: |  1  2  3  4  5 |
---------------+----------------+-----
Dodging        | 2 |  2.0
Fighting       | 3 4 |  4.1
Slings         | 5 |  5.6
Stealth        | |  1.7

Action                   |  1- 3 |  4- 6 || total
-------------------------+-------+-------++-------
Melee: Short sword       |       |    13 ||    13
 Fire: Hunting sling     |   113 |    24 ||   137
 Abil: Shaft Self        |     3 |       ||     3
  Use: Scroll            |     5 |       ||     5
       Potion            |       |     1 ||     1
Armor: Leather armour    |     7 |       ||     7
       Crystal plate arm |       |    12 ||    12
Dodge: Dodged            |    25 |       ||    25
Block: Buckler           |    20 |    10 ||    30
       Reflection        |       |     1 ||     1
